AoeStats
← 騷護士

African Clearing

510812349Analyzed
4v4 RM · 7h ago on Oct 2, 2026· 54m 57s· 8 players
Game mode
Random Map
Map size
Large (8 player)
Population
200
Speed
Normal
Resources
Standard
Victory
Conquest
Starting age
Dark Age
Ending age
Imperial Age
RankedLock teamsTeams togetherTeam positionsShared explorationLock speedFull tech treeHidden civsTurbo modeCheats
Victory
Defeat
🇭🇷 Varangians · Croatia
1573
+13
🇧🇦 Saxons · Bosnia & Herzegovina
1520
+15
🇭🇷 Spanish · Croatia
1479
+17
🇸🇮 Persians · Slovenia
1476
+18
🇺🇸 Varangians · United States
1540
-17
🇵🇰 Berbers · Pakistan
1536
-17
🇹🇼 Saxons · Taiwan
1482
-15
🇨🇴 Malians · Colombia
1469
-14
boo
4:06 Loom
12:21 Feudal Age
18:06 Castle Age
21:00 Wheelbarrow
20:12 Double-Bit Axe
25:03 Hand Cart
31:13 Ballistics
34:05 Fletching
34:25 Town Watch
34:22 Horse Collar
37:56 Forging
37:56 Husbandry
38:06 Bloodlines
38:13 Stone Mining
38:14 Gold Mining
38:35 Bow Saw
38:26 Heavy Plow
39:26 Iron Casting
42:48 Imperial Age
40:39 Scale Barding Armor
41:57 Treadmill Crane
42:13 Bodkin Arrow
42:39 Chain Barding Armor
42:53 Elite Jarl
43:58 Conscription
44:17 Plate Barding Armor
44:43 Blast Furnace
45:44 Bracer
46:44 Stone Shaft Mining
48:22 Squires
48:07 Arson
48:09 Gambesons
48:25 Scale Mail Armor
47:47 Elite Varangian Guard
49:20 Chain Mail Armor
49:19 Gothikon
51:36 Two-Man Saw
52:09 Chemistry
52:29 Capped Ram
53:47 Siege Ram
騷護士
2:55 Loom
11:58 Feudal Age
17:07 Castle Age
16:01 Double-Bit Axe
17:51 Wheelbarrow
23:56 Bow Saw
30:50 Imperial Age
28:30 Squires
28:48 Gambesons
28:53 Arson
29:09 Gold Mining
29:51 Scale Mail Armor
30:42 Forging
30:45 Horse Collar
31:54 Conscription
32:32 Chain Mail Armor
32:52 Iron Casting
33:42 Hand Cart
34:42 Plate Mail Armor
35:45 Conscription
35:17 Shield Wall
36:28 Elite Varangian Guard
41:28 Gold Shaft Mining
42:26 Heavy Plow
45:29 Two-Man Saw
45:09 Crop Rotation
48:41 Fletching
48:52 Padded Archer Armor
Horizon
11:35 Feudal Age
14:12 Double-Bit Axe
17:08 Loom
18:59 Wheelbarrow
18:53 Bloodlines
18:40 Horse Collar
19:30 Fishing Lines
22:09 Gold Mining
22:31 Town Watch
25:19 Castle Age
23:42 Stone Mining
26:19 Bow Saw
26:48 Light Cavalry
27:28 Husbandry
27:58 Fletching
29:59 Bodkin Arrow
37:11 Padded Archer Armor
41:42 Imperial Age
40:36 Hand Cart
40:46 Ballistics
42:18 Thumb Ring
43:29 Chemistry
42:51 Conscription
42:15 Elite Camel Archer
44:37 Bracer
47:33 Hoardings
49:26 Heavy Plow
52:29 Maghrebi Camels
Morlhaw
9:11 Loom
10:38 Loom
12:23 Feudal Age
12:55 Feudal Age
14:21 Horse Collar
14:37 Double-Bit Axe
16:53 Castle Age
15:10 Fletching
17:30 Bodkin Arrow
17:24 Crossbowman
27:23 Ballistics
27:53 Bow Saw
29:09 Gold Mining
38:58 Imperial Age
38:49 Padded Archer Armor
40:04 Wheelbarrow
39:02 Arbalester
40:45 Chemistry
41:19 Leather Archer Armor
43:01 Conscription
44:17 Hand Cart
43:48 Town Watch
44:41 Thumb Ring
45:16 Gold Shaft Mining
48:25 Ring Archer Armor
48:01 Scale Barding Armor
49:20 Cavalier
50:01 Husbandry
50:11 Bloodlines
50:22 Chain Barding Armor
50:13 Forging
50:36 Farimba
51:18 Heavy Plow
52:03 Town Patrol
53:50 Treadmill Crane
g0ldenJew
3:13 Loom
14:05 Feudal Age
18:44 Castle Age
20:06 Double-Bit Axe
20:29 Fletching
21:17 Bodkin Arrow
47:35 Wheelbarrow
46:56 Horse Collar
Tomo Žeznati
13:03 Feudal Age
12:33 Loom
14:19 Double-Bit Axe
17:01 Castle Age
18:11 Bow Saw
18:49 Horse Collar
22:15 Wheelbarrow
23:26 Forging
27:40 Heavy Plow
28:40 Bloodlines
29:14 Husbandry
29:25 Town Watch
36:29 Imperial Age
35:01 Scale Barding Armor
35:32 Iron Casting
36:29 Chain Barding Armor
36:53 Hand Cart
36:35 Stone Mining
36:36 Gold Mining
37:45 Conscription
38:32 Plate Barding Armor
37:45 Elite Jarl
39:53 Blast Furnace
40:45 Crop Rotation
40:09 Fletching
40:03 Capped Ram
41:54 Coinage
41:19 Siege Ram
42:44 Bodkin Arrow
43:18 Ballistics
43:33 Banking
46:25 Two-Man Saw
47:20 Chemistry
46:26 Siege Engineers
48:07 Masonry
48:00 Bracer
50:00 Murder Holes
50:36 Architecture
dejan
11:14 Loom
13:49 Feudal Age
15:00 Double-Bit Axe
17:49 Castle Age
19:10 Bow Saw
26:23 Wheelbarrow
26:55 Fletching
28:11 Bodkin Arrow
31:05 Pikeman
34:37 Scale Barding Armor
34:42 Forging
37:07 Imperial Age
35:41 Husbandry
35:51 Bloodlines
35:43 Scale Mail Armor
36:06 Chain Barding Armor
37:02 Iron Casting
37:21 Ballistics
38:32 Chemistry
39:16 Plate Barding Armor
39:43 Blast Furnace
38:48 Horse Collar
40:12 Cavalier
43:53 Savar
44:38 Savar
Pitlja
3:38 Loom
13:23 Feudal Age
17:34 Castle Age
15:23 Double-Bit Axe
15:38 Horse Collar
18:30 Bow Saw
19:10 Gold Mining
21:16 Fletching
22:44 Fishing Lines
24:38 Padded Archer Armor
24:58 Bodkin Arrow
28:07 Ballistics
32:24 Bloodlines
32:58 Husbandry
33:12 Gillnets
33:58 Heavy Plow
35:16 Wheelbarrow
35:29 Leather Archer Armor
38:42 Imperial Age
37:34 Coinage
38:09 Thumb Ring
39:28 Bracer
39:59 Ring Archer Armor
40:31 Chemistry
39:23 Guard Tower
40:46 Two-Man Saw
43:25 Gold Shaft Mining
42:40 Stone Mining
42:34 Heavy Mounted Crossbowman
42:45 Cranequins
45:10 Conscription
44:44 Town Watch
45:14 Hand Cart
48:55 Scale Barding Armor
49:54 Keep
49:04 Arrowslits
50:32 Town Patrol
51:37 Masonry
Connection lost

Rejoining the realm…

Still unreachable

The connection could not be restored.

Session expired

The server has moved on; the page needs a fresh start.